Map: Blueshift LE

Players

Trizztein

  • Race: Terran Terran
  • League: Master
  • Spawn Location: 1:00

A.I. 1 (Medium) - Winner!

  • Race: Protoss Protoss
  • Spawn Location: 7:00

VOD

Have the link to the VOD?

Description

Time

  • Played on: Jan. 12, 2019, 7:46 a.m.
  • Length: 10:15
Show
View Real Time Build Order
Export as new Build Order

Trizztein Terran 

Build Orders: Reaper Expand, Mech 

Get SALT Encoding   

  12  0:00  SCV  
  13  0:13  SCV  
  14  0:17  Supply Depot  
  14  0:25  SCV  
  15  0:38  SCV  
  15  0:41  Barracks  
  16  0:45  Refinery  
  16  0:51  SCV  
  17  1:03  SCV  
  18  1:15  SCV  
  19  1:29  Orbital Command  
  19  1:30  Reaper  
  20  1:43  Command Center  
  20  1:53  Supply Depot  
  20  1:55  SCV  
  21  2:01  Marine  
  21  2:07  SCV  
  23  2:12  Factory  
  23  2:19  SCV  
  23  2:20  Refinery  
  24  2:23  Barracks Reactor  
  24  2:31  SCV  
  25  2:44  SCV  
  26  2:55  Factory Tech Lab  
  26  3:00  Starport, SCV  
  26  3:02  Orbital Command  
  27  3:08  Marine x2  
  29  3:13  SCV  
  29  3:16  Cyclone  
  33  3:25  SCV  
  33  3:26  Marine x2  
  36  3:31  Supply Depot  
  36  3:32  SCV  
  37  3:36  Medivac  
  37  3:37  SCV  
  40  3:44  SCV  
  40  3:45  Marine x2  
  43  3:49  SCV  
  43  3:50  Widow Mine  
  43  3:53  Supply Depot  
  46  3:56  SCV  
  46  3:57  Refinery  
  46  3:58  Refinery  
  46  4:01  SCV  
  48  4:03  Marine x2  
  48  4:08  SCV  
  51  4:10  Bunker  
  51  4:16  SCV  
  52  4:17  Siege Tank  
  52  4:20  SCV  
  52  4:23  Supply Depot  
  56  4:24  Starport Tech Lab  
  56  4:27  Marine  
  56  4:28  Marine, SCV  
  59  4:32  SCV  
  60  4:40  SCV  
  60  4:44  SCV  
  60  4:45  Raven, Marine x2  
  64  4:49  Supply Depot  
  64  4:52  Supply Depot, SCV  
  67  4:56  SCV  
  68  5:06  SCV  
  67  5:08  SCV  
  67  5:12  Liberator  
  68  5:17  Factory, Armory  
  68  5:18  Armory, SCV  
  68  5:20  Factory  
  68  5:21  SCV  
  70  5:22  Barracks Tech Lab  
  75  5:38  Engineering Bay  
  75  5:41  Supply Depot  
  75  5:42  Siege Tank, Supply Depot  
  76  5:53  Ghost Academy  
  76  5:55  SCV x2  
  78  5:59  Barracks Tech Lab  
  78  6:05  Hellion x2  
  78  6:07  Terran Vehicle And Ship Armor Level 1, Terran Vehicle Weapons Level 1  
  82  6:18  Siege Tank  
  85  6:19  Command Center  
  85  6:22  Liberator  
  85  6:23  Supply Depot  
  87  6:26  Hellion  
  87  6:27  Hellion  
  87  6:30  Ghost  
  94  6:42  Hellion  
  94  6:46  Supply Depot  
  98  6:47  Hellion  
  98  6:56  Siege Tank  
  98  6:57  Hellion  
  103  7:01  Supply Depot  
  103  7:03  Hellion  
  103  7:05  Liberator  
  107  7:08  Hellion  
  107  7:10  Supply Depot  
  104  7:20  Hellion  
  109  7:24  Supply Depot, Hellion  
  109  7:28  Siege Tank  
  114  7:32  Siege Tank  
  114  7:34  Orbital Command  
  114  7:35  Supply Depot  
  114  7:36  SCV x2  
  119  7:37  Supply Depot  
  119  7:38  Supply Depot  
  119  7:42  Hellion  
  119  7:43  Personal Cloaking  
  121  7:46  Hellion  
  121  7:48  SCV x2  
  124  8:03  Orbital Command  
  124  8:09  Siege Tank x2, Hellion x2  
  134  8:18  Command Center, Supply Depot  
  134  8:19  Supply Depot  
  134  8:22  Refinery  
  134  8:26  Refinery  
  134  8:28  Hellion x8  
  134  8:32  Hellion x2  
  138  8:38  SCV x3  
  141  8:44  Siege Tank  
  141  8:45  Siege Tank  
  147  8:48  Liberator  
  147  8:50  SCV  
  149  9:43  Hellion x3  
  149  9:44  Hellion  
  153  9:49  Factory  
  153  9:50  Factory  
Show
View Real Time Build Order
Export as new Build Order

A.I. 1 (Medium) Protoss - Winner!

Build Orders:  

Get SALT Encoding   

  12  0:00  Probe  
  13  0:13  Probe  
  14  0:18  Pylon  
  14  0:25  Probe  
  15  0:33  Probe  
  15  0:39  Gateway  
  15  0:41  Probe  
  16  0:47  Assimilator  
  17  0:50  Probe  
  18  1:00  Pylon  
  18  1:27  Cybernetics Core  
  18  1:29  Gateway  
  18  1:34  Assimilator  
  18  1:38  Zealot  
  20  1:53  Warp Gate  
  20  1:57  Zealot  
  22  2:11  Pylon  
  22  2:21  Stalker  
  24  2:40  Stalker  
  26  2:57  Pylon  
  26  2:59  Stalker  
  26  3:03  Probe  
  29  3:15  Probe  
  29  3:19  Adept  
  32  3:26  Forge  
  32  3:27  Probe  
  33  3:38  Stalker  
  33  3:39  Probe  
  36  3:51  Probe  
  37  3:57  Stalker  
  37  4:01  Probe  
  40  5:02  Probe  
  40  6:32  Probe  
  40  6:36  Sentry  
  40  6:38  Photon Cannon  
  43  6:40  Photon Cannon  
  43  6:42  Pylon  
  43  6:43  Robotics Facility  
  43  6:45  Stargate, Nexus  
  43  6:47  Twilight Council  
  43  6:48  Gateway  
  43  6:49  Sentry  
  43  6:51  Forge  
  45  7:02  Pylon  
  45  7:03  Adept  
  31  7:16  Stalker  
  33  7:30  Stalker  
  33  7:32  Observer  
  35  7:44  Stalker  
  37  7:54  Observer  
  37  7:57  Probe x2, Stalker  
  41  8:05  Assimilator  
  30  8:08  Pylon  
  30  8:09  Probe  
  30  8:10  Pylon  
  30  8:11  Zealot  
  27  8:22  Assimilator  
  27  8:25  Stalker  
  27  8:32  Void Ray  
  27  8:33  Probe  
  30  8:40  Zealot  
  25  8:45  Probe  
  24  8:54  Stalker  
  26  8:58  Probe  
  27  9:04  Nexus  
  27  9:07  Sentry  
  29  9:21  Sentry  
  31  9:29  Probe  
  32  9:34  Adept  
  34  9:41  Probe  
  21  9:48  Zealot  
  22  9:53  Probe  
Tags
 
Composition
Mech
League
Master
Matchup
PvT
Spawn Locations
Cross Positions
Add a new tag
Caveats
  • Supply blocks, unpowered buildings, or Contaminate may cause inaccurate times.
  • Supply counts are checked every 10 seconds.